| TOP OF THE 1ST |
|
South Bend Cubs batting - Pitching for Binghamton Mets : RHP Bryan Dorne
|
|
Pitching: RHP Bryan Dorne
|
|
|
Batting: RHB Andy Huntley
|
0-0: Ground out 5-3 (Groundball, 56S, EV 70.0 MPH)
|
|
Batting: RHB Puluke Konane
|
0-0: Ball 1-0: Called Strike 1-1: Foul Ball, location: 2F 1-2: Ball 2-2: Strikes out looking
|
|
Batting: LHB Kwang-chih Men
|
0-0: Ball 1-0: Ball 2-0: Ball 3-0: Swinging Strike 3-1: Base on Balls
|
|
Batting: RHB Roy Battist
|
0-0: Foul Ball, location: 2F 0-1: Ball 1-1: Foul Ball, location: 2F 1-2: Ball 2-2: Single, Error in OF, E9, batter to second base (Groundball, 34D, EV 106.9 MPH) Kwang-chih Men to third
|
|
Batting: RHB Han-seung Hah
|
0-0: Ball 1-0: Ball 2-0: Ball 3-0: Base on Balls
|
|
Batting: RHB Denis Rachin
|
0-0: Ball 1-0: Called Strike 1-1: Foul Ball, location: 2F 1-2: Strikes out swinging
|
| Top of the 1st over - 0 runs, 1 hit, 1 error, 3 left on base; South Bend 0 - Binghamton 0 |
| BOTTOM OF THE 1ST |
|
Binghamton Mets batting - Pitching for South Bend Cubs : RHP Anastagio Fasola
|
|
Pitching: RHP Anastagio Fasola
|
|
|
Batting: LHB Jamel Alexander
|
0-0: Ball 1-0: Ball 2-0: Foul Ball, location: 2F 2-1: Ball 3-1: Ground out 2-3 (Groundball, 2L, EV 76.2 MPH)
|
|
Batting: SHB Jason Evans
|
0-0: Ball 1-0: Called Strike 1-1: Ball 2-1: SINGLE (Line Drive, 8RS, EV 92.5 MPH)
|
|
Batting: LHB Dan Bremseth
|
0-0: Called Strike 0-1: DOUBLE (Line Drive, 9LM, EV 106.9 MPH) Jason Evans to third
|
|
Batting: RHB Mike Hanks
|
0-0: Ball 1-0: Swinging Strike 1-1: Foul Ball, location: 2F 1-2: Strikes out swinging
|
|
Batting: RHB Nate Henderson
|
0-0: Ball 1-0: Called Strike 1-1: Swinging Strike 1-2: Foul Ball, location: 2F 1-2: Fly out, F7 (Flyball, 7, EV 87.5 MPH)
|
| Bottom of the 1st over - 0 runs, 2 hits, 0 errors, 2 left on base; South Bend 0 - Binghamton 0 |
| TOP OF THE 2ND |
|
South Bend Cubs batting - Pitching for Binghamton Mets : RHP Bryan Dorne
|
|
Batting: LHB Adam Conover
|
0-0: Ball 1-0: Foul Ball, location: 2F 1-1: Swinging Strike 1-2: Strikes out swinging
|
|
Batting: RHB Juan Bonilla
|
0-0: Foul Ball, location: 2F 0-1: Ball 1-1: Ball 2-1: Ball 3-1: Swinging Strike 3-2: SINGLE (Groundball, 34D, EV 103.8 MPH)
|
|
Batting: RHB Hugo Torrez
|
0-0: Ball 1-0: Ball 2-0: Fielders Choice at 2nd, 4-6 (Groundball, 4, EV 90.6 MPH)
|
|
Batting: RHB Andy Huntley
|
0-0: Ball 1-0: Called Strike Hugo Torrez steals 2nd base 1-1: Foul Ball, location: 2F 1-2: Ball 2-2: Ground out 3-1 (Groundball, 34S, EV 85.0 MPH)
|
| Top of the 2nd over - 0 runs, 1 hit, 0 errors, 1 left on base; South Bend 0 - Binghamton 0 |
| BOTTOM OF THE 2ND |
|
Binghamton Mets batting - Pitching for South Bend Cubs : RHP Anastagio Fasola
|
|
Batting: LHB Zane Kelton
|
0-0: Swinging Strike 0-1: Swinging Strike 0-2: Fly out, F7 (Flyball, 7LSF, EV 83.1 MPH)
|
|
Batting: SHB Jerry Burrows
|
0-0: Called Strike 0-1: Called Strike 0-2: Foul Ball, location: 2F 0-2: Strikes out swinging
|
|
Batting: RHB Oscar Bravo
|
0-0: Called Strike 0-1: Ball 1-1: Foul Ball, location: 2F 1-2: Ball 2-2: Strikes out swinging
|
| Bottom of the 2nd over - 0 runs, 0 hits, 0 errors, 0 left on base; South Bend 0 - Binghamton 0 |
| TOP OF THE 3RD |
|
South Bend Cubs batting - Pitching for Binghamton Mets : RHP Bryan Dorne
|
|
Batting: RHB Puluke Konane
|
0-0: Ball 1-0: SINGLE (Groundball, 56D, EV 100.6 MPH)
|
|
Batting: LHB Kwang-chih Men
|
0-0: Ball 1-0: Grounds into double play, 4-6-3 (Groundball, 4, EV 86.9 MPH)
|
|
Batting: RHB Roy Battist
|
0-0: Ball 1-0: Called Strike 1-1: Called Strike 1-2: Hit by Pitch
|
|
Batting: RHB Han-seung Hah
|
0-0: SINGLE (Groundball, 6MD, EV 104.4 MPH) Roy Battist to second
|
|
Batting: RHB Denis Rachin
|
0-0: Called Strike 0-1: Ball 1-1: Ball 2-1: Ball 3-1: Foul Ball, location: 2F 3-2: Ground out 6-3 (Groundball, P, EV 88.8 MPH)
|
| Top of the 3rd over - 0 runs, 2 hits, 0 errors, 2 left on base; South Bend 0 - Binghamton 0 |
| BOTTOM OF THE 3RD |
|
Binghamton Mets batting - Pitching for South Bend Cubs : RHP Anastagio Fasola
|
|
Batting: RHB Gang-sheng Chew
|
0-0: Called Strike 0-1: Foul Ball, location: 2F 0-2: Foul Ball, location: 2F 0-2: Ball 1-2: Ball 2-2: Fly out, F2 (Popup, 23F, EV 78.8 MPH)
|
|
Batting: LHB Jamel Alexander
|
0-0: Ball 1-0: Foul Ball, location: 2F 1-1: Ground out 6-3 (Groundball, 6, EV 88.8 MPH)
|
|
Batting: SHB Jason Evans
|
0-0: Foul Ball, location: 2F 0-1: Ball 1-1: Foul Ball, location: 2F 1-2: Fly out, F8 (Line Drive, 8LM, EV 98.1 MPH)
|
| Bottom of the 3rd over - 0 runs, 0 hits, 0 errors, 0 left on base; South Bend 0 - Binghamton 0 |
| TOP OF THE 4TH |
|
South Bend Cubs batting - Pitching for Binghamton Mets : RHP Bryan Dorne
|
|
Batting: LHB Adam Conover
|
0-0: Ball 1-0: Ball 2-0: Ground out 4-3 (Groundball, 4D, EV 108.1 MPH)
|
|
Batting: RHB Juan Bonilla
|
0-0: Fly out, F7 (Flyball, 78M, EV 82.5 MPH)
|
|
Batting: RHB Hugo Torrez
|
0-0: Ball 1-0: Called Strike 1-1: SINGLE (Groundball, 6MD, EV 104.4 MPH)
|
|
Batting: RHB Andy Huntley
|
0-0: Called Strike Hugo Torrez is caught stealing 2nd base 2-4
|
| Top of the 4th over - 0 runs, 1 hit, 0 errors, 0 left on base; South Bend 0 - Binghamton 0 |
| BOTTOM OF THE 4TH |
|
Binghamton Mets batting - Pitching for South Bend Cubs : RHP Anastagio Fasola
|
|
Batting: LHB Dan Bremseth
|
0-0: Ground out 6-3 (Groundball, 6, EV 100.6 MPH)
|
|
Batting: RHB Mike Hanks
|
0-0: Fly out, F7 (Flyball, 7S, EV 85.0 MPH)
|
|
Batting: RHB Nate Henderson
|
0-0: Ground out U3 (Groundball, 34, EV 90.6 MPH)
|
| Bottom of the 4th over - 0 runs, 0 hits, 0 errors, 0 left on base; South Bend 0 - Binghamton 0 |
| TOP OF THE 5TH |
|
South Bend Cubs batting - Pitching for Binghamton Mets : RHP Bryan Dorne
|
|
Batting: RHB Andy Huntley
|
0-0: SINGLE (Groundball, 4MD, EV 102.5 MPH)
|
|
Batting: RHB Puluke Konane
|
0-0: Ball 1-0: Called Strike 1-1: Ball Andy Huntley steals 2nd base 2-1: Foul Ball, location: 2F 2-2: Foul Ball, location: 2F 2-2: Foul Ball, location: 2F 2-2: Ground out 6-3 (Groundball, 6, EV 89.4 MPH) Andy Huntley to third
|
|
Batting: LHB Kwang-chih Men
|
0-0: Called Strike 0-1: Foul Ball, location: 2F 0-2: Ball 1-2: Ball 2-2: Ball 3-2: Base on Balls
|
|
Batting: RHB Roy Battist
|
0-0: Ball 1-0: Ball 2-0: Ball 3-0: Base on Balls Kwang-chih Men to second
|
|
Batting: RHB Han-seung Hah
|
0-0: Called Strike 0-1: Grounds into double play, 6-4-3 (Groundball, 6, EV 85.6 MPH)
|
| Top of the 5th over - 0 runs, 1 hit, 0 errors, 2 left on base; South Bend 0 - Binghamton 0 |
| BOTTOM OF THE 5TH |
|
Binghamton Mets batting - Pitching for South Bend Cubs : RHP Anastagio Fasola
|
|
Batting: LHB Zane Kelton
|
0-0: Foul Ball, location: 2F 0-1: Swinging Strike 0-2: Foul Ball, location: 2F 0-2: Ball 1-2: Strikes out swinging
|
|
Batting: SHB Jerry Burrows
|
0-0: Ball 1-0: Ball 2-0: Called Strike 2-1: SINGLE (Groundball, 4D, EV 103.1 MPH)
|
|
Batting: RHB Oscar Bravo
|
0-0: Called Strike 0-1: DOUBLE (Groundball, 5L, EV 94.4 MPH) Jerry Burrows to third
|
|
Batting: RHB Gang-sheng Chew
|
0-0: Called Strike 0-1: SINGLE (Groundball, 56D, EV 97.5 MPH) Jerry Burrows scores Oscar Bravo to third Runner from 3rd tries for Home, throw by LF and OUT! 7-2 Gang-sheng Chew to second
|
|
Batting: LHB Jamel Alexander
|
0-0: Ball 1-0: Ball 2-0: Called Strike 2-1: Ball 3-1: Foul Ball, location: 2F 3-2: Fly out, F8 (Flyball, 8LXD, EV 89.4 MPH)
|
| Bottom of the 5th over - 1 run, 3 hits, 0 errors, 1 left on base; South Bend 0 - Binghamton 1 |
| TOP OF THE 6TH |
|
South Bend Cubs batting - Pitching for Binghamton Mets : RHP Bryan Dorne
|
|
Batting: RHB Denis Rachin
|
0-0: Foul Ball, location: 2F 0-1: Ball 1-1: Foul Ball, location: 2F 1-2: Strikes out swinging
|
|
Batting: LHB Adam Conover
|
0-0: Ground out 3-1 (Groundball, 34D, EV 108.1 MPH)
|
|
Batting: RHB Juan Bonilla
|
0-0: Ball 1-0: Swinging Strike 1-1: Ball 2-1: Swinging Strike 2-2: Foul Ball, location: 2F 2-2: Strikes out swinging
|
| Top of the 6th over - 0 runs, 0 hits, 0 errors, 0 left on base; South Bend 0 - Binghamton 1 |
| BOTTOM OF THE 6TH |
|
Binghamton Mets batting - Pitching for South Bend Cubs : RHP Anastagio Fasola
|
|
Batting: SHB Jason Evans
|
0-0: Fly out, F5 (Popup, 56, EV 73.1 MPH)
|
|
Batting: LHB Dan Bremseth
|
0-0: SOLO HOME RUN (Line Drive, 9LD, EV 96.9 MPH), Distance : 364 ft
|
|
Batting: RHB Mike Hanks
|
0-0: Ball 1-0: Called Strike 1-1: Fly out, F8 (Flyball, 8RXD, EV 89.4 MPH)
|
|
Batting: RHB Nate Henderson
|
0-0: Foul Ball, location: 2F 0-1: Ball 1-1: Foul Ball, location: 2F 1-2: Foul Ball, location: 2F 1-2: Strikes out swinging
|
| Bottom of the 6th over - 1 run, 1 hit, 0 errors, 0 left on base; South Bend 0 - Binghamton 2 |
| TOP OF THE 7TH |
|
South Bend Cubs batting - Pitching for Binghamton Mets : RHP Bryan Dorne
|
|
Batting: RHB Hugo Torrez
|
0-0: Ball 1-0: Called Strike 1-1: Foul Ball, location: 2F 1-2: Strikes out looking
|
|
Batting: RHB Andy Huntley
|
0-0: Ball 1-0: Foul Ball, location: 2F 1-1: Ball 2-1: Swinging Strike 2-2: Ball 3-2: Strikes out swinging
|
|
Batting: RHB Puluke Konane
|
0-0: Ball 1-0: Ground out 4-3 (Groundball, 4, EV 76.9 MPH)
|
| Top of the 7th over - 0 runs, 0 hits, 0 errors, 0 left on base; South Bend 0 - Binghamton 2 |
| BOTTOM OF THE 7TH |
|
Binghamton Mets batting - Pitching for South Bend Cubs : RHP Anastagio Fasola
|
|
Pitching: LHP Eddie Panagos
|
|
|
Batting: LHB Zane Kelton
|
0-0: Ball 1-0: Swinging Strike 1-1: Foul Ball, location: 2F 1-2: Ball 2-2: Foul Ball, location: 2F 2-2: Strikes out swinging
|
|
Batting: SHB Jerry Burrows
|
0-0: SOLO HOME RUN (Flyball, 78XD, EV 106.9 MPH), Distance : 399 ft
|
|
Batting: RHB Oscar Bravo
|
0-0: Called Strike 0-1: Ball 1-1: Ball 2-1: Ball 3-1: Base on Balls
|
|
Batting: RHB Gang-sheng Chew
|
0-0: Ball 1-0: Ball 2-0: Swinging Strike 2-1: Foul Ball, location: 2F 2-2: Ball 3-2: Base on Balls Oscar Bravo to second
|
|
Batting: LHB Jamel Alexander
|
0-0: Called Strike 0-1: Foul Ball, location: 2F 0-2: Foul Ball, location: 2F 0-2: Ball 1-2: Ball 2-2: Ball 3-2: Reached on error, E4 (Groundball, 4, EV 92.5 MPH) Oscar Bravo to third Gang-sheng Chew to second
|
|
Batting: SHB Jason Evans
|
0-0: Ball 1-0: Swinging Strike 1-1: Swinging Strike 1-2: Strikes out swinging
|
|
Batting: LHB Dan Bremseth
|
0-0: Ball 1-0: Ball 2-0: Foul Ball, location: 2F 2-1: Ball 3-1: Called Strike 3-2: Strikes out swinging
|
| Bottom of the 7th over - 1 run, 1 hit, 1 error, 3 left on base; South Bend 0 - Binghamton 3 |
| TOP OF THE 8TH |
|
South Bend Cubs batting - Pitching for Binghamton Mets : RHP Bryan Dorne
|
|
Batting: LHB Kwang-chih Men
|
0-0: Ball 1-0: Swinging Strike 1-1: Ball 2-1: Swinging Strike 2-2: Ground out 4-3 (Groundball, 4, EV 90.0 MPH)
|
|
Pitching: RHP Justin Wilkins
|
|
|
Batting: RHB Roy Battist
|
0-0: Called Strike 0-1: Swinging Strike 0-2: Ball 1-2: Ball 2-2: Foul Ball, location: 2F 2-2: Foul Ball, location: 2F 2-2: Strikes out swinging
|
|
Batting: RHB Han-seung Hah
|
0-0: Swinging Strike 0-1: Foul Ball, location: 2F 0-2: Ball 1-2: Strikes out swinging wild pitch, reaches first!
|
|
Batting: RHB Denis Rachin
|
0-0: SINGLE (Groundball, 6D, EV 97.5 MPH) Han-seung Hah to second
|
|
Batting: LHB Adam Conover
|
0-0: Ball 1-0: Ball Wild Pitch! Han-seung Hah to third Denis Rachin to second 2-0: Foul Ball, location: 2F 2-1: Fly out, F6 (Line Drive, 6, EV 70.0 MPH)
|
| Top of the 8th over - 0 runs, 1 hit, 0 errors, 2 left on base; South Bend 0 - Binghamton 3 |
| BOTTOM OF THE 8TH |
|
Binghamton Mets batting - Pitching for South Bend Cubs : LHP Eddie Panagos
|
|
Pitching: RHP Trevor Woodbury
|
|
|
Batting: RHB Mike Hanks
|
0-0: Ball 1-0: Foul Ball, location: 2F 1-1: SINGLE (Flyball, 8LS, EV 90.0 MPH)
|
|
Batting: RHB Nate Henderson
|
0-0: Ball 1-0: Called Strike 1-1: Fly out, F7 (Flyball, 7, EV 90.0 MPH)
|
|
Batting: LHB Zane Kelton
|
0-0: Swinging Strike 0-1: Ball 1-1: Fielders Choice at 2nd, 4-6 (Groundball, 4, EV 105.0 MPH)
|
|
Batting: SHB Jerry Burrows
|
0-0: SINGLE (Flyball, 4D, EV 89.4 MPH) Zane Kelton to second Runner from 2nd tries for 3rd, OUT! 9-5
|
| Bottom of the 8th over - 0 runs, 2 hits, 0 errors, 1 left on base; South Bend 0 - Binghamton 3 |
| TOP OF THE 9TH |
|
South Bend Cubs batting - Pitching for Binghamton Mets : RHP Justin Wilkins
|
|
Batting: RHB Juan Bonilla
|
0-0: Swinging Strike 0-1: Called Strike 0-2: Ball 1-2: Strikes out looking
|
|
Batting: RHB Hugo Torrez
|
0-0: Called Strike 0-1: Ball 1-1: Swinging Strike 1-2: Foul Ball, location: 2F 1-2: Strikes out swinging
|
|
Batting: RHB Andy Huntley
|
0-0: Swinging Strike 0-1: Ball 1-1: Ball 2-1: Swinging Strike 2-2: Ball 3-2: Base on Balls
|
|
Batting: RHB Puluke Konane
|
0-0: Called Strike 0-1: Ball 1-1: Ball 2-1: Foul Ball, location: 2F 2-2: Ball 3-2: Strikes out swinging
|
| Top of the 9th over - 0 runs, 0 hits, 0 errors, 1 left on base; South Bend 0 - Binghamton 3 |
|